 Dungeon Crawl Stone Soup version 0.30-a0-586-g23e55c9e0a (webtiles) character file.

Game seed: 17422613880904990069

5 wormed the Slasher (level 1, -4/16 HPs)
             Began as a Mummy Gladiator on Jan 4, 2023.
             Slain by a goblin
             ... wielding a +2 dagger of holy wrath
              (5 damage)
             ... on level 1 of the Dungeon.
             The game lasted 00:00:31 (68 turns).

wormed the Slasher (Mummy Gladiator)                  Turns: 68, Time: 00:00:32

Health: -4/16      AC:  4    Str: 17    XL:     1   Next: 66%
Magic:  1/1        EV: 12    Int:  7    God:
Gold:   0          SH:  0    Dex: 13    Spells: 0/0 levels left

rFire   x . .      SeeInvis .    a - +0 long sword
rCold   + . .      Faith    +    (no shield)
rNeg    + + +      Spirit   .    b - +0 leather armour
rPois   ∞          Reflect  .    c - +0 helmet
rElec   .          Harm     .    (no cloak)
rCorr   .          Rampage  .    (no gloves)
Will    .....                    (no boots)
Stlth   +                        (no amulet)
HPRegen 0.22/turn                (no ring)
MPRegen 0.07/turn                (no ring)

@: no status effects
A: cold resistance 1, negative energy resistance 3, torment resistance 2, heat
vulnerability 1, no potions, faith
a: no special abilities


You were on level 1 of the Dungeon.
You visited 1 branch of the dungeon, and saw 1 of its levels.

Inventory:

Hand Weapons
 a - a +0 long sword (weapon)
Missiles
 d - 3 throwing nets (quivered)
 e - a javelin
Armour
 b - a +0 leather armour (worn)
 c - a +0 helmet (worn)


   Skills:
 + Level 2.1 Fighting
 * Level 2.6 Long Blades
 - Level 1.5 Throwing
 + Level 2.5 Dodging


You couldn't memorise any spells.
You didn't know any spells.
Your spell library was empty.

Dungeon Overview and Level Annotations

Branches:
Dungeon (1/15)

Altars:


Innate Abilities, Weirdness & Mutations

You are immune to poison.
Your flesh is cold resistant. (rC+)
You are immune to negative energy. (rN+++)
You are immune to unholy pain and torment.
You are vulnerable to heat. (rF-)
You do not drink.
You have a special connection with the divine. (Faith)


Message History

The goblin hits you but does no damage.
You slash the goblin!
You kill the goblin!
You slash the endoplasm!
You kill the endoplasm!
No target in view!
HP restored.
You see here a +2 ring mail of willpower.
A goblin and a quokka come into view.
The goblin is wielding a +2 dagger of holy wrath.
Found 4 gold pieces and 9 stones.
The goblin shouts!
There are monsters nearby!
There are monsters nearby!
The quokka bites you.
You closely miss the quokka. The quokka closely misses you. x2
You closely miss the quokka.
A frilled lizard comes into view.
The quokka bites you.
The frilled lizard moves out of view.
You closely miss the quokka. The quokka bites you.
The quokka barely misses you.
You closely miss the quokka. The quokka closely misses you.
You hit the quokka but do no damage. Your punch misses the quokka.
The quokka misses you. The quokka barely misses you.
You hit the quokka.
You kill the quokka!
The goblin barely misses you.
The goblin hits you with a +2 dagger of holy wrath.
You convulse.
You closely miss the goblin. The goblin barely misses you.
You closely miss the goblin. The goblin completely misses you.
You closely miss the goblin. The goblin barely misses you.
You closely miss the goblin.
The goblin hits you with a +2 dagger of holy wrath.
You convulse.
* * * LOW HITPOINT WARNING * * *
The goblin hits you with a +2 dagger of holy wrath.
* * * LOW HITPOINT WARNING * * *
You convulse.
You die...

.... ... ..... ... .....
...
.....###########+######...
...........$(##.....#.....
#............##....)#...#
#.......g@†..##.....#...#
#.......########....'...#
##..............#####...#
#..............# #...#
#.........[....# #...#
#..............# ##.###
#..............# #...#
#.....#........# ###..
#.###.#........# ########


You could see a goblin.

Vanquished Creatures
  A ball python (D:1)
  An endoplasm (D:1)
  A goblin (D:1)
  A quokka (D:1)
4 creatures vanquished.

Notes
Turn   | Place    | Note
-------+----------+-------------------------------------------
     0 | D:1      | wormed the Mummy Gladiator began the quest for the Orb.
     0 | D:1      | Reached XP level 1. HP: 16/16 MP: 1/1
    68 | D:1      | Slain by a goblin

Illustrated notes

Levels and vault maps discovered:
D:1:      minmay_arrival_shattered_statue, layout_basic, minmay_pentomino_u4

Action                   || total
-------------------------++-------
Melee: Long sword        ||    19
Armor: Leather armour    ||     3
Dodge: Dodged            ||    14

Table legend: (Time is in decaauts)
 A = Elapsed time spent in this place.
 B = Non-inter-level travel time spent in this place.
 C = Inter-level travel time spent in this place.
 D = Time resting spent in this place.
 E = Time spent auto-exploring this place.
 F = Levels seen in this place.
 G = Mean time per level.
                   A        B        C        D        E       F      G
               +--------+--------+--------+--------+--------+-----+--------+
         Total |     72 |     72 |      0 |      0 |     42 |   1 |   72.0 |
       Dungeon |     72 |     72 |      0 |      0 |     42 |   1 |   72.0 |
               +--------+--------+--------+--------+--------+-----+--------+

Top non-repeatable levels by time:
     D:1: 72 daAuts
